 Dungeon Crawl Stone Soup version 0.18-a0-1560-ge216ca8 (webtiles) character file.

235 Hilldric the Shield-Bearer (level 6, 0/47 HPs)
             Began as a Human Fighter on Mar 12, 2016.
             Slain by George's ghost (10 damage)
             ... on level 4 of the Dungeon.
             The game lasted 00:11:03 (2879 turns).

Hilldric the Shield-Bearer (Human Fighter)          Turns: 2879, Time: 00:11:03

Health: 0/47       AC: 11    Str: 18    XL:     6   Next: 27%
Magic:  6/6        EV:  5    Int:  9    God:
Gold:   101        SH:  9    Dex: 12    Spells: 0 memorised, 5 levels left

rFire  . . .     SeeInvis .     a - +1 long sword
rCold  + . .     Gourm    .     j - +0 plate armour
rNeg   . . .     Faith    .     c - +0 shield
rPois  .         Spirit   .     (no helmet)
rElec  .         Dismiss  .     (no cloak)
rCorr  .         Reflect  .     (no gloves)
SustAt .         Harm     .     (no boots)
MR     .....                    (no amulet)
Stlth  ..........               h - +1 ring of evasion
                                g - ring of protection from cold

@: not resistant to hostile enchantments, extremely unstealthy
A: no striking features
a: no special abilities


You were on level 4 of the Dungeon.
You were not hungry.

You visited 1 branch of the dungeon, and saw 4 of its levels.

You collected 101 gold pieces.

Inventory:

Hand Weapons
 a - a +1 long sword (weapon)
Armour
 c - a +0 shield (worn)
 j - a +0 plate armour (worn)
Jewellery
 g - a ring of protection from cold (left hand)
 h - a +1 ring of evasion (right hand)
Scrolls
 d - a scroll of enchant weapon
Potions
 b - a potion of curing
 e - a potion of heal wounds
 f - a potion of ambrosia
 k - a potion of cancellation {unknown}
Comestibles
 i - a bread ration


   Skills:
 + Level 3.5 Fighting
 + Level 3.3 Long Blades
 + Level 4.0 Armour
 + Level 1.7 Dodging
 + Level 0.4 Stealth
 + Level 4.3 Shields


You had 5 spell levels left.
You didn't know any spells.

Dungeon Overview and Level Annotations

Branches:
Dungeon (4/15)
 Temple: D:4-7

Altars:
Cheibriados
Fedhas
Sif Muna
Trog

Annotations:
D:4 George's ghost, amateur HOGl


Message History

George's ghost hits you but does no damage.
George's ghost barely misses you.
You hit George's ghost but do no damage.
George's ghost is severely damaged.
You block George's ghost's attack.
Your shield and plate armour prevent you from hitting George's ghost.
George's ghost is severely damaged.
George's ghost hits you but does no damage.
You hit George's ghost.
George's ghost is almost destroyed.
George's ghost barely misses you.
George's ghost hits you but does no damage.
You hit George's ghost but do no damage.
George's ghost is almost destroyed.
George's ghost hits you!
* * * LOW HITPOINT WARNING * * *
Your shield and plate armour prevent you from hitting George's ghost.
George's ghost is almost destroyed.
George's ghost hits you!
You die...

####....#
........#
#.#....#
##......#
........#
#..?..<#
#.##.#Z#
# #W###.#
#@....#
#######


You could see George's ghost and a quokka skeleton.

Vanquished Creatures
  The ghost of namelastname112 the Sneak, an amateur DrAs (D:3)
  A centaur skeleton (D:4)
  5 worms
  5 dart slugs
  2 ball pythons
  3 bats
  3 giant cockroaches
  3 hobgoblins
  3 jackals (D:3)
  6 kobolds
  2 giant newts
  7 goblins
  5 rats
46 creatures vanquished.

Notes
Turn   | Place    | Note
--------------------------------------------------------------
     0 | D:1      | Hilldric the Human Fighter began the quest for the Orb.
     0 | D:1      | Reached XP level 1. HP: 18/18 MP: 1/1
   256 | D:1      | Reached XP level 2. HP: 24/24 MP: 2/2
   748 | D:1      | Reached XP level 3. HP: 19/29 MP: 3/3
  1680 | D:3      | Found a snail-covered altar of Cheibriados.
  1689 | D:3      | Found a blossoming altar of Fedhas.
  1691 | D:3      | Found a deep blue altar of Sif Muna.
  1693 | D:3      | Noticed namelastname112's ghost (amateur DrAs)
  1727 | D:3      | Killed namelastname112's ghost
  1727 | D:3      | Reached skill level 1 in Dodging
  1727 | D:3      | Reached XP level 4. HP: 16/35 MP: 4/4
  1727 | D:3      | Reached XP level 5. HP: 18/41 MP: 5/5
  2065 | D:3      | Reached XP level 6. HP: 34/47 MP: 6/6
  2350 | D:3      | Found a bloodstained altar of Trog.
  2840 | D:4      | Noticed George's ghost (amateur HOGl)
  2879 | D:4      | Slain by George's ghost

Vault maps used:
D:1:      dpeg_arrival_chambers_temple_mockup
D:2:      wad_crossroads
D:3:      grunt_temple_overflow_open, first_bread, trog_book
D:4:      kennysheep_mini, johnstein_pakellas_shop, kennysheep_mini_moat,
          uniq_eustachio, uniq_duvessa, uniq_sigmund, uniq_menkaure,
          uniq_grinder

Skill      XL: |  1  2  3  4  5  6 |
---------------+-------------------+-----
Long Blades    | 3 |  3.3
Dodging        | 1 |  1.7
Shields        | 4 |  4.3
Armour         | 4 |  4.0
Fighting       | |  3.5
Stealth        | |  0.4

Action                   |  1- 3 |  4- 6 || total
-------------------------+-------+-------++-------
Melee: Long sword        |   146 |    89 ||   235
  Use: Scroll            |     6 |     4 ||    10
       Potion            |     1 |     1 ||     2
  Eat: Meat ration       |     1 |       ||     1
       Bread ration      |     1 |       ||     1
